Map: Thunderbird LE

Players

DnS - Winner!

  • Race: Protoss Protoss
  • Spawn Location: 11:00

Gerald

  • Race: Protoss Protoss
  • Spawn Location: 5:00

Event: 2019 WCS Summer

VOD

Have the link to the VOD?

Description

Time

  • Played on: July 12, 2019, 2:05 p.m.
  • Length: 14:21

All games in this series

Show
View Real Time Build Order
Export as new Build Order

DnS Protoss - Winner!

Build Orders: Phoenix Opening, Zealot Archon 

Get SALT Encoding   

  12  0:00  Probe  
  13  0:12  Probe  
  14  0:17  Pylon  
  14  0:24  Probe  
  15  0:32  Probe  
  15  0:37  Gateway  
  15  0:40  Probe  
  16  0:45  Assimilator  
  17  0:51  Probe  
  17  0:54  Assimilator  
  18  1:00  Probe  
  19  1:07  Gateway  
  19  1:08  Probe  
  19  1:17  Probe  
  20  1:24  Cybernetics Core  
  21  1:29  Probe  
  22  1:33  Pylon  
  22  1:41  Probe  
  23  1:53  Probe  
  18  2:01  Stalker, Sentry, Warp Gate  
  26  2:06  Pylon  
  30  2:38  Stargate  
  28  2:44  Nexus  
  28  2:48  Stalker  
  29  2:54  Stalker  
  29  2:56  Probe  
  32  3:08  Probe  
  33  3:18  Shield Battery  
  33  3:21  Probe  
  37  3:30  Phoenix  
  37  3:33  Probe  
  38  3:38  Pylon  
  37  3:44  Probe  
  38  3:52  Probe x2  
  38  3:56  Phoenix  
  38  3:58  Assimilator  
  38  4:00  Probe x2, Stargate  
  42  4:09  Pylon  
  44  4:12  Probe  
  44  4:15  Probe  
  46  4:21  Phoenix  
  46  4:23  Probe  
  48  4:24  Probe  
  48  4:31  Probe  
  50  4:35  Assimilator  
  50  4:36  Probe  
  52  4:43  Probe  
  52  4:45  Phoenix  
  50  4:53  Probe  
  50  4:54  Probe  
  50  4:59  Phoenix  
  54  5:01  Probe  
  54  5:06  Probe  
  56  5:09  Probe  
  56  5:12  Adept x2  
  61  5:18  Probe  
  61  5:20  Pylon  
  62  5:21  Forge  
  62  5:34  Forge  
  62  5:35  Probe  
  62  5:38  Probe, Pylon  
  64  5:43  Probe  
  64  5:46  Sentry x2  
  69  5:50  Probe  
  69  5:53  Probe  
  71  6:02  Probe  
  70  6:05  Protoss Ground Weapons Level 1  
  68  6:12  Robotics Facility  
  68  6:20  Twilight Council  
  68  6:26  Gateway  
  68  6:28  Gateway  
  68  6:29  Gateway  
  68  6:32  Gateway  
  68  6:36  Charge  
  68  6:38  Protoss Ground Armor Level 1  
  68  6:41  Probe, Nexus  
  68  6:42  Probe, Pylon  
  70  6:52  Observer  
  68  6:58  Probe x2  
  71  7:05  Templar Archives  
  71  7:08  Gateway  
  71  7:09  Gateway  
  71  7:10  Probe  
  71  7:11  Probe  
  73  7:16  Zealot  
  73  7:17  Zealot  
  73  7:22  Probe  
  78  7:24  Zealot x3  
  78  7:29  Zealot  
  86  7:38  Pylon  
  86  7:40  Pylon  
  86  7:46  Immortal  
  86  7:54  High Templar  
  86  7:55  High Templar x3  
  86  7:58  Shield Battery  
  98  7:59  Archon  
  98  8:00  Archon  
  98  8:01  Shield Battery  
  98  8:02  Colossus, High Templar  
  98  8:03  Zealot x2, High Templar  
  98  8:05  Shield Battery  
  106  8:07  Archon  
  106  8:09  Protoss Ground Weapons Level 2  
  106  8:24  Pylon  
  106  8:33  Zealot  
  106  8:34  Zealot x4  
  116  8:40  Pylon  
  116  8:45  Zealot, High Templar x2  
  116  8:47  Pylon  
  116  8:48  Immortal  
  122  8:49  Archon, Pylon  
  122  8:58  Zealot x3  
  132  9:07  Pylon x2  
  132  9:08  Zealot x3  
  138  9:20  Probe x2  
  138  9:21  Probe  
  138  9:22  High Templar x2  
  145  9:26  Archon, Pylon  
  145  9:27  Warp Prism  
  145  9:31  Zealot x3  
  153  9:34  Pylon  
  153  9:38  Probe x2  
  153  9:39  Assimilator  
  153  9:40  Probe  
  153  9:41  Assimilator  
  156  9:50  Pylon  
  156  9:52  Protoss Ground Armor Level 2  
  156  9:56  Immortal  
  156  10:02  High Templar  
  156  10:07  High Templar  
  164  10:12  Protoss Ground Weapons Level 3  
  164  10:13  Archon  
  164  10:14  Zealot x6  
  172  10:17  Pylon  
  172  10:18  Pylon  
  176  10:26  Photon Cannon  
  176  10:35  Observer  
  177  10:40  Photon Cannon  
  177  10:42  Photon Cannon  
  177  10:45  Photon Cannon  
  177  10:54  Nexus  
  177  10:56  Pylon  
  177  11:00  Observer  
  178  11:16  Zealot x5  
  178  11:17  Zealot x3  
  194  11:21  Zealot x5  
  194  11:22  Zealot x2  
  188  11:32  Fleet Beacon  
  188  11:37  Zealot  
  190  11:42  High Templar x2  
  190  11:43  High Templar x2  
  190  11:47  Gateway  
  192  11:48  Archon x2  
  192  11:49  Gateway  
  192  11:50  Dark Shrine, Gateway  
  192  12:01  Shield Battery  
  190  12:02  Shield Battery  
  190  12:09  Shield Battery  
  190  12:11  Shield Battery  
  190  12:12  High Templar x4  
  198  12:16  Archon x2  
  198  12:21  Photon Cannon  
  198  12:25  Assimilator  
  198  12:27  Assimilator  
  198  12:30  Warp Prism  
  192  12:42  Zealot x5  
  188  12:48  High Templar x2  
  188  12:49  Zealot x4  
  198  12:53  Archon  
  198  13:04  Dark Templar x3  
  172  13:08  Dark Templar  
  172  13:12  Zealot x4  
  162  13:14  Dark Templar  
  144  13:24  Archon x2  
  140  13:27  Zealot x2  
  140  13:32  Photon Cannon  
  144  13:43  High Templar  
  144  13:44  High Templar  
  144  13:46  Zealot x5, High Templar  
  144  13:48  Archon  
  160  13:50  Archon  
  160  13:52  Zealot x3  
  158  14:13  Zealot x4  
  158  14:14  Zealot x4  
Show
View Real Time Build Order
Export as new Build Order

Gerald Protoss 

Build Orders: Phoenix Opening, Zealot Archon 

Get SALT Encoding   

  12  0:00  Probe  
  13  0:12  Probe  
  14  0:18  Pylon  
  14  0:23  Probe  
  15  0:32  Probe  
  15  0:37  Gateway  
  15  0:42  Probe  
  16  0:43  Assimilator  
  17  0:53  Probe  
  18  0:57  Assimilator  
  18  1:01  Probe  
  18  1:10  Probe  
  19  1:17  Gateway  
  20  1:21  Probe  
  20  1:25  Cybernetics Core  
  21  1:33  Probe  
  21  1:36  Pylon  
  22  1:45  Probe  
  23  1:57  Probe  
  23  1:58  Pylon  
  24  2:04  Adept x2, Warp Gate  
  28  2:09  Probe  
  29  2:29  Stargate  
  29  2:34  Stalker  
  30  2:52  Nexus  
  30  2:57  Probe  
  31  3:05  Phoenix  
  31  3:09  Probe  
  34  3:23  Phoenix  
  36  3:35  Probe, Pylon  
  37  3:44  Robotics Facility  
  37  3:47  Probe  
  38  3:51  Phoenix  
  40  3:59  Pylon  
  40  4:00  Probe  
  41  4:06  Probe  
  42  4:12  Probe  
  42  4:16  Probe  
  45  4:20  Probe  
  45  4:24  Forge, Probe  
  45  4:28  Probe  
  45  4:31  Stalker, Sentry  
  51  4:40  Probe, Immortal  
  51  4:42  Probe  
  57  4:52  Probe  
  56  4:55  Probe  
  56  4:59  Twilight Council  
  53  5:01  Assimilator  
  53  5:03  Assimilator  
  53  5:04  Probe  
  54  5:08  Probe  
  54  5:12  Protoss Ground Weapons Level 1  
  55  5:16  Probe  
  55  5:18  Shield Battery  
  55  5:20  Probe  
  57  5:27  Charge  
  57  5:28  Probe  
  57  5:31  Immortal  
  57  5:33  Pylon  
  62  5:38  Probe  
  62  5:40  Probe  
  64  5:45  Gateway  
  64  5:48  Gateway  
  64  5:54  Stalker  
  61  6:04  Probe  
  60  6:17  Nexus  
  60  6:19  Pylon  
  60  6:20  Probe  
  60  6:21  Probe  
  60  6:24  Gateway x2  
  62  6:32  Templar Archives  
  63  6:37  Stalker  
  63  6:38  Stalker  
  63  6:39  Probe  
  60  6:58  Warp Prism  
  60  6:59  Probe  
  60  7:00  Probe  
  63  7:09  Zealot x4  
  63  7:11  Probe  
  63  7:15  Gateway  
  72  7:20  Gateway  
  72  7:26  High Templar x2  
  76  7:33  High Templar x2  
  76  7:34  Zealot x2  
  84  7:38  Archon x2  
  84  7:44  Probe  
  84  7:46  Protoss Ground Weapons Level 2  
  85  8:04  Zealot x4  
  93  8:05  Zealot  
  93  8:06  Zealot  
  93  8:07  Probe x3  
  93  8:11  Pylon  
  100  8:13  Photon Cannon  
  100  8:18  Pylon  
  100  8:25  Observer  
  101  8:36  High Templar x3  
  101  8:40  High Templar  
  109  8:51  Archon  
  109  8:52  Zealot x2, Archon  
  109  8:53  Zealot x2  
  117  8:57  Pylon x2  
  117  8:58  Pylon  
  117  9:00  Pylon  
  117  9:01  Assimilator  
  117  9:02  Assimilator  
  117  9:14  Probe x2  
  117  9:15  Probe  
  120  9:22  Probe  
  120  9:23  Probe x2  
  118  9:24  Photon Cannon  
  118  9:30  Probe  
  118  9:31  Probe x2  
  121  9:36  High Templar x4, Pylon  
  121  9:37  Zealot x4  
  140  9:40  Archon  
  140  9:41  Probe x3, Archon  
  143  9:47  Pylon  
  143  9:52  Pylon  
  143  9:54  Pylon  
  143  9:57  Protoss Ground Weapons Level 3  
  143  10:03  Shield Battery, High Templar x2  
  143  10:04  Zealot x2  
  143  10:05  Photon Cannon  
  151  10:08  Archon  
  151  10:20  Nexus  
  151  10:21  Pylon  
  151  10:24  High Templar  
  151  10:25  High Templar  
  155  10:34  Archon  
  153  10:39  Probe  
  153  10:40  Probe  
  155  10:46  Pylon  
  155  10:50  Zealot x6, Dark Shrine  
  167  11:04  High Templar x2  
  169  11:06  Photon Cannon  
  169  11:08  Shield Battery  
  169  11:10  Assimilator  
  171  11:11  Zealot x3  
  171  11:12  Zealot  
  171  11:15  Assimilator  
  173  11:28  High Templar x2  
  173  11:30  Probe  
  173  11:33  Archon  
  173  11:34  Archon  
  173  11:37  Zealot  
  173  11:38  Zealot x3, Pylon  
  181  11:42  Pylon  
  181  11:43  Probe  
  179  11:47  Probe, Nexus  
  179  11:50  Pylon  
  179  12:09  Robotics Bay, Dark Templar x4  
  179  12:10  Zealot  
  179  12:12  Robotics Facility  
  189  12:17  Archon x2  
  189  12:22  Photon Cannon, Shield Battery  
  189  12:26  Photon Cannon  
  189  12:27  Assimilator  
  189  12:32  Assimilator  
  176  12:54  Dark Templar x5  
  176  12:55  Zealot  
  176  12:56  Zealot  
  127  13:13  Disruptor x2  
  71  13:31  Probe x4  
  71  13:33  Stalker x8  
  85  13:39  Probe x4  
  93  13:49  Probe  
  93  13:50  Photon Cannon  
  85  14:11  Dark Templar x3  
  85  14:13  Zealot x3  
Tags
 
Add a new tag
Caveats
  • Supply blocks, unpowered buildings, or Contaminate may cause inaccurate times.
  • Supply counts are checked every 10 seconds.